 Dungeon Crawl Stone Soup version 0.21.1-1-g345015f (webtiles) character file.

179 Iko the Covered (level 5, -1/44 HPs)
             Began as a Deep Dwarf Wizard on June 18, 2018.
             Killed from afar by Erica (18 damage)
             ... with an orb of energy
             ... on level 8 of the Dungeon on June 19, 2018.
             The game lasted 00:11:21 (956 turns).

Iko the Covered (Deep Dwarf Wizard)                  Turns: 956, Time: 00:11:21

Health: -1/44      AC: 14    Str: 12    XL:     5   Next: 33%
Magic:  7/7        EV:  6    Int: 18    God:
Gold:   61         SH:  0    Dex: 11    Spells: 9/10 levels left

rFire    . . .     SeeInvis .   g - +0 mace
rCold    + . .     Gourm    .   (no shield)
rNeg     . . .     Faith    .   i - +4 chain mail "Ivvus" {rPois rC+}
rPois    +         Spirit   .   b - +0 hat
rElec    .         Reflect  .   (no cloak)
rCorr    .         Harm     .   a - +0 pair of gloves
MR       .....                  (no boots)
Stlth    ..........             (no amulet)
HPRegen  0.00/turn              (no ring)
MPRegen  0.10/turn              (no ring)

@: non-regenerating
A: damage resistance, heal wounds, sense surroundings 1, no regeneration
a: Heal Wounds


You were on level 8 of the Dungeon.
You were hungry.

You visited 1 branch of the dungeon, and saw 8 of its levels.

You collected 103 gold pieces.
You spent 42 gold pieces at shops.

Inventory:

Hand Weapons
 g - a +0 mace (weapon)
Armour
 a - a +0 pair of gloves (worn)
 b - a +0 hat (worn)
 i - the +4 chain mail "Ivvus" (worn) {rPois rC+}
   (You found it on level 5 of the Dungeon)

   It protects you from cold.
   It protects you from poison.
Scrolls
 e - a scroll of remove curse
Potions
 f - 2 potions of curing
Books
 c - a book of Minor Magic

   Spells                             Type                      Level
   a - Magic Dart                     Conjuration                  1
   b - Blink                          Translocation                2
   c - Call Imp                       Summoning                    2
   d - Slow                           Hexes                        2
   e - Conjure Flame                  Conjuration/Fire             3
   f - Mephitic Cloud                 Conjuration/Poison/Air       3
Comestibles
 d - a ration


   Skills:
 + Level 1.5 Fighting
 + Level 1.4 Maces & Flails
 + Level 0.1 Throwing
 + Level 3.3 Armour
 + Level 2.6 Dodging
 + Level 2.6 Stealth
 + Level 0.7 Unarmed Combat
 + Level 3.2 Spellcasting
 + Level 0.9 Conjurations
   Level 0.8 Summonings
   Level 1.1 Translocations


You had 9 spell levels left.
You knew the following spells:

 Your Spells              Type           Power        Failure   Level  Hunger
a - Magic Dart            Conj           #...         98%         1    None


Dungeon Overview and Level Annotations

Branches:
Dungeon (8/15)
 Temple: D:4-7         Lair: D:8-11

Altars:

Shops:
D:4 (

Annotations:
D:8 Erica


Innate Abilities, Weirdness & Mutations

You are resistant to damage.
You can heal yourself by infusing magical energy.
You passively map a small area around you.
You do not regenerate.


Message History

You hit Erica.
Erica is lightly wounded.
Erica points at you and mumbles some strange words.
The bolt of poison hits you! You resist.
You closely miss Erica.
Erica is lightly wounded.
Erica hits you with a scimitar of flaming.
Erica burns you. Erica hits you but does no damage.
You hit Erica.
Erica is lightly wounded.
Erica hits you with a scimitar of flaming!
Erica burns you.
You closely miss Erica.
Erica is lightly wounded.
Erica closely misses you.
Your chain mail "Ivvus" prevents you from hitting Erica.
Erica is lightly wounded.
Erica points at you and mumbles some strange words.
The orb of energy hits you!
You die...

, ***
, , ##
* #.##
*
*#<##
* ,
##@#*
* ##@#
, **
{oo,
...# *
...#
*,...#
*
,..##
..# *


You could see Erica and 2 orcs.

Vanquished Creatures
  A killer bee (D:6)
  A centaur zombie (D:5)
  A bullfrog zombie (D:7)
  An orc priest (D:8)
  An iguana (D:7)
  A worker ant zombie (D:7)
  A worm (D:3)
  An orc (D:8)
  A quokka (D:3)
  3 frilled lizards
  A kobold (D:3)
13 creatures vanquished.

Notes
Turn   | Place    | Note
-------+----------+-------------------------------------------
     0 | D:1      | Iko the Deep Dwarf Wizard began the quest for the Orb.
     0 | D:1      | Reached XP level 1. HP: 15/15 MP: 4/4
   252 | D:4      | Found Yluatep's Weapon Emporium.
   261 | D:4      | Bought a +0 mace for 42 gold pieces
   359 | D:5      | Entered Level 5 of the Dungeon
   406 | D:5      | Reached XP level 2. HP: 22/22 MP: 6/6
   406 | D:5      | Reached XP level 3. HP: 28/28 MP: 7/7
   414 | D:5      | Got a dazzling chain mail
   425 | D:5      | Identified the +4 chain mail "Ivvus" {rPois rC+} (You found it on level 5 of the Dungeon)
   445 | D:5      | Noticed a killer bee
   446 | D:5      | Noticed a killer bee
   446 | D:5      | Noticed a killer bee
   446 | D:5      | Noticed a killer bee
   446 | D:5      | Noticed a killer bee
   446 | D:5      | Noticed a killer bee
   621 | D:6      | Killed a killer bee
   621 | D:6      | Reached XP level 4. HP: 29/37 MP: 6/6
   695 | D:7      | Reached skill level 1 in Fighting
   826 | D:7      | Reached skill level 1 in Maces & Flails
   871 | D:7      | Reached XP level 5. HP: 28/44 MP: 7/7
   938 | D:8      | Noticed Erica
   956 | D:8      | Killed from afar by Erica

Skill      XL: |  1  2  3  4 |
---------------+-------------+-----
Spellcasting   | 3 |  3.2
Armour         | 2 3 |  3.3
Fighting       | 1 |  1.5
Maces & Flails | 1 |  1.4
Throwing       | |  0.1
Dodging        | |  2.6
Stealth        | |  2.6
Unarmed Combat | |  0.7
Conjurations   | |  0.9
Summonings     | |  0.8
Translocations | |  1.1

Action                   |  1- 3 |  4- 6 || total
-------------------------+-------+-------++-------
Melee: Unarmed           |    26 |       ||    26
       Mace              |   128 |    70 ||   198
       Whip              |     2 |       ||     2
Throw: Tomahawk          |     2 |     4 ||     6
 Cast: Magic Dart        |     9 |       ||     9
 Abil: Heal Wounds       |    11 |     3 ||    14
  Use: Potion            |     2 |       ||     2
       Scroll            |     2 |       ||     2
Armor: Ring mail         |    12 |       ||    12
       Chain mail        |   209 |    43 ||   252
Dodge: Dodged            |   111 |    25 ||   136
